 Dungeon Crawl Stone Soup version 0.19.0-11-g3fc08b3 (webtiles) character file.

122 Chiseanne the Stinger (level 4, -5/36 HPs)
             Began as a Centaur Venom Mage on Nov 8, 2016.
             Was a Follower of Trog.
             Slain by Sigmund
             ... wielding a +0 scythe
              (8 damage)
             ... on level 3 of the Dungeon.
             The game lasted 00:07:11 (3709 turns).

Chiseanne the Stinger (Centaur Venom Mage)          Turns: 3709, Time: 00:07:12

Health: -5/36      AC:  4    Str: 10 (11) XL:     4   Next: 78%
Magic:  7/7        EV: 10    Int: 13 (14) God:    Trog [*.....]
Gold:   134        SH:  0    Dex:  7 (10) Spells: 2 memorised, 3 levels left

rFire  . . .     SeeInvis .     f - +0 hand axe
rCold  . . .     Gourm    .     a - +0 robe
rNeg   . . .     Faith    .     (no shield)
rPois  .         Spirit   .     (no helmet)
rElec  .         Reflect  .     (no cloak)
rCorr  .         Harm     .     (no gloves)
MR     .....                    (no barding)
Stlth  +.........               (no amulet)
                                (no ring)
                                (no ring)

@: very quick
A: hooves 3, deformed body, speed 2, tough skin 3
a: Berserk, Burn Spellbooks, Renounce Religion


You were on level 3 of the Dungeon.
You worshipped Trog.
Trog was aware of your devotion.
You were hungry.

You visited 1 branch of the dungeon, and saw 3 of its levels.

You collected 134 gold pieces.

Inventory:

Hand Weapons
 f - a +0 hand axe (weapon)
 v - a +0 morningstar
 w - a +0 war axe
Missiles
 e - 183 stones (quivered)
 i - 29 poisoned needles
 l - 45 arrows
 o - 24 sling bullets
 x - 21 bolts
Armour
 a - a +0 robe (worn)
Scrolls
 d - a scroll of remove curse
 s - a scroll of immolation
Potions
 n - a potion of curing
Books
 b - a Young Poisoner's Handbook

   Spells                             Type                      Level
   a - Sting                          Conjuration/Poison           1
   b - Mephitic Cloud                 Conjuration/Poison/Air       3
   c - Olgreb's Toxic Radiance        Poison                       4
   d - Alistair's Intoxication        Transmutation/Poison         5
   e - Venom Bolt                     Conjuration/Poison           5
   Trog disapproves of the use of such an item.
 t - a book of Cantrips

   Spells                             Type                      Level
   a - Confusing Touch                Hexes                        1
   b - Animate Skeleton               Necromancy                   1
   c - Summon Small Mammal            Summoning                    1
   d - Apportation                    Translocation                1
   Trog disapproves of the use of such an item.
Comestibles
 c - a bread ration
 j - 4 meat rations
 m - 2 chunks of flesh


   Skills:
 * Level 2.2 Fighting
 * Level 2.2 Dodging
 - Level 1.1 Stealth
 - Level 2.2 Spellcasting
 - Level 1.0 Conjurations
 - Level 3.5 Poison Magic


You had 3 spell levels left.
You knew the following spells:

 Your Spells              Type           Power        Failure   Level  Hunger
a - Sting                 Conj/Pois      #...         12%         1    ##.....
b - Mephitic Cloud        Conj/Pois/Air  #.......     38%         3    ####...


Dungeon Overview and Level Annotations

Branches:
Dungeon (3/15)

Altars:
Trog

Annotations:
D:3 Sigmund


Innate Abilities, Weirdness & Mutations

You have hooves in place of feet.
Armour fits poorly on your strangely shaped body.
You cover ground very quickly.
You have extremely tough skin. (AC +3)


Message History

Throwing (i - inventory):
e - 186 stones (quivered)
Press: ? - help, Shift-Dir - straight line, f/p - hobgoblin
Aim: a hobgoblin, wielding a club (lightly wounded)
You throw a stone. The stone hits the hobgoblin.
The hobgoblin is moderately wounded.
Something hits you!
* * * LOW HITPOINT WARNING * * *
Throwing (i - inventory):
e - 185 stones (quivered)
Press: ? - help, Shift-Dir - straight line, f/p - hobgoblin
Aim: a hobgoblin, wielding a club (moderately wounded)
You throw a stone. Something hits you but does no damage.
Throwing (i - inventory):
e - 184 stones (quivered)
Press: ? - help, Shift-Dir - straight line, f/p - hobgoblin
Aim: a hobgoblin, wielding a club (moderately wounded)
You throw a stone.
You feel a little less mighty now.
Sigmund appears from thin air!
Reactivating autopickup.
Sigmund hits you from afar with a scythe!
You die...

*,*****###** #.# #......#
*,,,,,,,...* #.# #####..###
*********#.###.########......
#..(.......>.....###
###.############.# ***** #.#
#......# ,,,,********* #.#
#.###### **,,,,,,,,,,*
#(#######,*
**,*******,***#@.......,* ***
#..g@.†.######** ######.##
#.# *************#.#
***,,,,,,,,,,,,..#
,,,,***********### *****


You could see Sigmund and a hobgoblin.

Vanquished Creatures
  3 adders
  An ooze (D:1)
  2 worms (D:3)
  2 dart slugs (D:1)
  4 leopard geckos
  3 orcs (D:2)
  3 giant cockroaches
  13 hobgoblins
  4 kobolds
  A quokka (D:3)
  9 bats
  4 frilled lizards
  13 goblins
  9 rats
71 creatures vanquished.

Notes
Turn   | Place    | Note
-------+----------+-------------------------------------------
     0 | D:1      | Chiseanne the Centaur Venom Mage began the quest for the Orb.
     0 | D:1      | Reached XP level 1. HP: 14/14 MP: 3/3
   163 | D:1      | Reached XP level 2. HP: 15/22 MP: 0/4
   286 | D:1      | Reached skill level 1 in Fighting
   915 | D:1      | Reached XP level 3. HP: 28/28 MP: 1/5
  1119 | D:2      | Learned a level 3 spell: Mephitic Cloud
  1941 | D:2      | Reached XP level 4. HP: 33/36 MP: 0/7
  1945 | D:2      | Reached skill level 1 in Conjurations
  3258 | D:3      | Found a faded altar of an unknown god.
  3387 | D:3      | Became a worshipper of Trog the Wrathful
  3387 | D:3      | Reached * piety under Trog
  3659 | D:3      | Noticed Sigmund
  3709 | D:3      | Slain by Sigmund

Skill      XL: |  1  2  3  4 |
---------------+-------------+-----
Fighting       | 1 2 |  2.2
Spellcasting   | 2 |  2.2
Conjurations   | 1 |  1.0
Dodging        | 2 |  2.2
Stealth        | |  1.1
Poison Magic   | |  3.5

Action                   |  1- 3 |  4- 6 || total
-------------------------+-------+-------++-------
Melee: Hand axe          |    36 |    60 ||    96
       Kick              |    10 |    12 ||    22
       Club              |     2 |       ||     2
Throw: Stone             |       |    33 ||    33
       Tomahawk          |       |     2 ||     2
 Cast: Sting             |    73 |    51 ||   124
  Use: Scroll            |       |     7 ||     7
       Potion            |       |     4 ||     4
  Eat: Chunk             |     4 |     6 ||    10
Armor: Robe              |    23 |    20 ||    43
       Skin              |       |    31 ||    31
Dodge: Dodged            |    32 |    37 ||    69
